 Dungeon Crawl Stone Soup version 0.31-a0-841-g038b102fc3 (webtiles) character file.

Game seed: 18155487410749905681

50 Kurtz the Chopper (level 3, -2/26 HPs)
             Began as an Octopode Fighter on Sept 28, 2023.
             Succumbed to a gnoll's poison
             ... on level 2 of the Dungeon.
             The game lasted 00:00:47 (1130 turns).

Kurtz the Chopper (Octopode Fighter)                Turns: 1130, Time: 00:00:48

Health: -2/26      AC:  1    Str: 15    XL:     3   Next: 79%
Magic:  3/3        EV: 13    Int: 10    God:
Gold:   87         SH:  4    Dex: 13    Spells: 2/2 levels left

rFire   . . .        a - +0 war axe
rCold   . . .        b - +0 buckler
rNeg    . . .        (helmet restricted)
rPois   .            (no amulet)
rElec   .            (no ring)
rCorr   .            (no ring)
SInv    .            (no ring)
Will    .....        (no ring)
Stlth   ++           (no ring)
HPRegen 0.24/turn    (no ring)
MPRegen 0.08/turn    (no ring)
                     (no ring)

%: no passive effects
@: mighty, lethally poisoned (-2 -> -24)
A: almost no armour, amphibious, 8 rings, camouflage 1, gelatinous body 1,
(nimble swimmer 1), tentacles
a: no special abilities


You were on level 2 of the Dungeon.
You visited 1 branch of the dungeon, and saw 2 of its levels.

You collected 87 gold pieces.

Inventory:

Hand Weapons
 a - a +0 war axe (weapon)
Missiles
 g - 2 poisoned darts
Armour
 b - a +0 buckler (worn)
Scrolls
 d - 3 scrolls of identify {unknown}
 h - a scroll of vulnerability {unknown}
Potions
 f - a potion of magic {unknown}


   Skills:
 - Level 3.0 Fighting
 * Level 4.0 Axes
 - Level 3.0 Dodging
 - Level 3.0 Shields


You had 2 spell levels left.
You didn't know any spells.
Your spell library was empty.

Dungeon Overview and Level Annotations

Branches:
Dungeon (2/15)

Altars:

Annotations:
D:1 1 transporter


Innate Abilities, Weirdness & Mutations

You cannot wear most types of armour.
You are amphibious.
You can wear up to eight rings at the same time.
Your skin changes colour to match your surroundings (Stealth+).
Your rubbery body absorbs attacks. (AC +1, EV +1)
((You are camouflaged when in or above water. (Stealth+)))
You have tentacles for arms and can constrict up to eight enemies at once.


Message History

The stone barely misses you.
The stone hits the plant.
The plant begins to die.
The gnoll hits the plant with a +0 halberd!
The plant begins to die.
The gnoll completely misses the plant.
A nearby plant withers and dies.
A nearby plant withers and dies.
The kobold throws a stone.
The stone hits you.
The kobold throws a stone.
The stone completely misses you. The kobold completely misses you.
You hit the kobold. You grab the kobold.
The kobold is severely wounded.
You constrict the kobold.
You kill the kobold!
You hit the gnoll but do no damage. Your grab misses the gnoll.
Your squeeze misses the gnoll. The gnoll barely misses you.
You hit the gnoll. Your grab misses the gnoll.
The gnoll is moderately wounded.
The gnoll misses you.
You hit the gnoll. Your grab misses the gnoll. Your squeeze misses the gnoll.
The gnoll is heavily wounded.
The gnoll closely misses you.
You hit the gnoll. Your grab misses the gnoll. Your squeeze misses the gnoll.
The gnoll is heavily wounded.
The gnoll hits you with a +0 flail of venom.
You are poisoned.
You barely miss the gnoll. Your grab misses the gnoll.
The gnoll is heavily wounded.
You feel very sick.
The gnoll hits you with a +0 flail of venom!
You are lethally poisoned!
The gnoll closely misses you.
You are too injured to fight recklessly!
You are too injured to fight recklessly!
It was a potion of curing.
You feel better. The gnoll closely misses you.
You feel very mighty all of a sudden.
The gnoll hits you with a +0 flail of venom!
* * * LOW HITPOINT WARNING * * *
You are lethally poisoned!
You slash the gnoll!
You kill the gnoll!
You die...

#.# #.# #.)...###>
#.# #.# ##.........
#.#
####.#####......P...
...
#.......Kgg....P....
#.#
#.##.#####..........
#.# #g# #...P..P...
#g# #.P.....P.. #)#
#.......... ### #@#
#.P..P..... ..#
############.#
##.......# ..#
#............#
####... ..#
#.############ ..#
#.# ..# #.# ..# #.#
).###.# ......#


You could see 2 gnolls.

Vanquished Creatures
  2 gnolls (D:2)
  A worm (D:2)
  A dart slug (D:1)
  4 ball pythons
  A bat (D:1)
  4 endoplasms
  2 giant cockroaches (D:1)
  7 goblins
  3 hobgoblins
  A quokka (D:2)
  3 frilled lizards (D:1)
  2 kobolds
  2 rats (D:1)
33 creatures vanquished.

Notes
Turn   | Place    | Note
-------+----------+-------------------------------------------
     0 | D:1      | Kurtz the Octopode Fighter began the quest for the Orb.
     0 | D:1      | Reached XP level 1. HP: 16/16 MP: 1/1
    39 | D:1      | Reached XP level 2. HP: 9/21 MP: 2/2
   302 | D:1      | Reached skill level 3 in Axes
   631 | D:1      | Reached XP level 3. HP: 26/26 MP: 3/3
  1106 | D:2      | Reached skill level 4 in Axes
  1130 | D:2      | Succumbed to a gnoll's poison

Illustrated notes

Levels and vault maps discovered:
D:1:      spicycebolla_arrival_risky_transporter, layout_loops_cross
D:2:      layout_loops_ring, serial_bayou_pond_e, nicolae_grassy_gnolls

Skill      XL: |  1  2  3 |
---------------+----------+-----
Axes           | 3 4 |  4.0
Fighting       | |  3.0
Dodging        | |  3.0
Shields        | |  3.0

Action                     || total
---------------------------++-------
  Melee: War axe           ||    59
         Constrict         ||    14
         Tentacles         ||     5
    Use: Potion            ||     2
   Stab: Sleeping          ||     6
 Armour: Skin              ||    22
  Dodge: Dodged            ||    24
  Block: Buckler           ||    10

Table legend: (Time is in decaauts)
 A = Elapsed time spent in this place.
 B = Non-inter-level travel time spent in this place.
 C = Inter-level travel time spent in this place.
 D = Time resting spent in this place.
 E = Time spent auto-exploring this place.
 F = Levels seen in this place.
 G = Mean time per level.
                   A        B        C        D        E       F      G
               +--------+--------+--------+--------+--------+-----+--------+
         Total |   1151 |   1128 |     23 |    146 |    746 |   2 |  575.5 |
       Dungeon |   1151 |   1128 |     23 |    146 |    746 |   2 |  575.5 |
               +--------+--------+--------+--------+--------+-----+--------+

Top non-repeatable levels by time:
     D:1: 851 daAuts
     D:2: 299 daAuts
